 Dungeon Crawl Stone Soup version 0.21-a0-582-g1b93aee (webtiles) character file.

48304 Gaball the Fencer (level 14, -4/123 HPs)
             Began as a Barachi Fighter on Dec 19, 2017.
             Was a Priest of Cheibriados.
             Slain by a blink frog (9 damage)
             ... on level 6 of the Lair of Beasts.
             The game lasted 01:18:08 (23198 turns).

Gaball the Fencer (Barachi Fighter)                Turns: 23198, Time: 01:18:09

Health: -4/123     AC: 17    Str: 34    XL:     14   Next: 45%
Magic:  0/24       EV: 17    Int: 18    God:    Cheibriados [***...]
Gold:   849        SH:  0    Dex: 26    Spells: 22/26 levels left

rFire    x . .     SeeInvis .   M - +3 great sword
rCold    . . .     Gourm    .   (shield currently unavailable)
rNeg     . . .     Faith    .   X - +2 chain mail "Nukieg" {Str+4 Int+2 Slay+2}
rPois    +         Spirit   +   t - +0 helmet
rElec    .         Reflect  .   (no cloak)
rCorr    .         Harm     .   e - +0 pair of gloves
MR       +....                  F - +0 pair of boots
Stlth    ..........             I - amulet "Iggisit" {Spirit rF- Dex+5}
HPRegen  0.30/turn              d - ring of Phasing {EV+8}
MPRegen  0.19/turn              P - ring of poison resistance

@: can't hop, very slightly contaminated, studying Staves, very slow
A: +LOS, swims, slowness 1, strong legs 2
a: Hop, Bend Time, Temporal Distortion, Renounce Religion


You were on level 6 of the Lair of Beasts.
You worshipped Cheibriados.
Cheibriados was most pleased with you.
You were near starving.

You visited 4 branches of the dungeon, and saw 21 of its levels.
You also visited: Labyrinth, Ossuary and Ice Cave.

You collected 1079 gold pieces.
You spent 230 gold pieces at shops.

Inventory:

Hand Weapons
 M - a +3 great sword (weapon)
Missiles
 B - 3 poisoned tomahawks (quivered)
Armour
 e - a +0 pair of gloves (worn)
 i - a +3 plate armour
 t - a +0 helmet (worn)
 F - a +0 pair of boots (worn)
 X - the +2 chain mail "Nukieg" (worn) {Str+4 Int+2 Slay+2}
   (You found it in a labyrinth)

   It affects your strength (+4).
   It affects your intelligence (+2).
   It affects your accuracy and damage with ranged weapons and melee attacks
   (+2).
Jewellery
 d - the ring of Phasing (left hand) {EV+8}
   (You took it off a minotaur in a labyrinth)

   [ring of evasion]

   It affects your evasion (+8).
 s - an uncursed ring of protection from cold
 I - the amulet "Iggisit" (around neck) {Spirit rF- Dex+5}
   (You found it on level 9 of the Dungeon)

   [amulet of guardian spirit]

   It causes incoming damage to be split between your health and magic.
   It affects your dexterity (+5).
   It makes you vulnerable to fire.
 P - a ring of poison resistance (right hand)
Wands
 b - a wand of disintegration (9)
 h - a wand of flame (57)
 w - a wand of iceblast (27)
 H - a wand of acid (12)
 J - a wand of polymorph (48)
 S - a wand of enslavement (11)
 T - a wand of paralysis (29)
Scrolls
 c - 5 scrolls of identify
 k - 2 scrolls of random uselessness
 m - 2 scrolls of immolation
 r - a scroll of noise {unknown}
 u - 4 scrolls of enchant weapon
 y - 10 scrolls of remove curse
 A - 6 scrolls of enchant armour
 D - 3 scrolls of amnesia {unknown}
 O - a scroll of magic mapping
 Q - a scroll of torment {unknown}
 V - a scroll of acquirement {unknown}
Potions
 j - 2 potions of mutation
 l - 2 potions of degeneration
 n - a potion of magic
 v - 3 potions of cancellation
 x - 3 potions of flight
 z - 5 potions of haste
 L - 2 potions of brilliance
Books
 G - a book of Callings

   Spells                             Type                      Level
   a - Summon Small Mammal            Summoning                    1
   b - Call Imp                       Summoning                    2
   c - Call Canine Familiar           Summoning                    3
   d - Summon Guardian Golem          Hexes/Summoning              3
   e - Summon Lightning Spire         Summoning/Air                4
   f - Summon Ice Beast               Ice/Summoning                4
 N - a book of Battle

   Spells                             Type                      Level
   a - Infusion                       Charms                       1
   b - Shroud of Golubria             Charms/Translocation         2
   c - Song of Slaying                Charms                       2
   d - Spectral Weapon                Hexes/Charms                 3
   e - Regeneration                   Charms/Necromancy            3
 Y - a book of Party Tricks

   Spells                             Type                      Level
   a - Summon Butterflies             Summoning                    1
   b - Apportation                    Translocation                1
   c - Lesser Beckoning               Translocation                3
   d - Tukima's Dance                 Hexes                        3
   e - Alistair's Intoxication        Transmutation/Poison         5
   f - Invisibility                   Hexes                        6
 Z - a manual of Staves
Comestibles
 f - 22 rations


   Skills:
 - Level 15.4 Fighting
 + Level 16.1 Long Blades
 + Level 8.6 Armour
   Level 9.9 Shields
 + Level 6.7 Spellcasting
 - Level 5.1 Summonings
 - Level 5.1 Ice Magic
 - Level 6.4 Invocations


You had 22 spell levels left.
You knew the following spells:

 Your Spells              Type           Power        Failure   Level  Hunger
a - Summon Ice Beast      Ice/Summ       ###.....     43%         4    ####...


Dungeon Overview and Level Annotations

Branches:
Dungeon (13/15)            Temple (1/1) D:4            Lair (6/6) D:11
 Shoals (0/4) Lair:4        Snake (0/4) Lair:3          Orc (1/2) D:9
  Slime: Lair:5-6    Vaults: D:13-14

Altars:
Ashenzari
Cheibriados
Kikubaaqudgha
Nemelex Xobeh
Okawaru
Qazlal
Wu Jian
The Shining One

Shops:
D:7 ?

Annotations:
D:6 Prince Ribbit
D:8 1 exclusion
Lair:2 1 exclusion, Gastronok


Innate Abilities, Weirdness & Mutations

Shadows flee at your approach. (+LOS)
You can swim through water.
You cover ground slowly.
You can hop long distances.


Message History

* * * LOW HITPOINT WARNING * * *
Casting: Summon Ice Beast
Confirm with . or Enter, or press ? or * to list all spells.
You miscast Summon Ice Beast.
A chill runs through your body.
The blink frog blinks!
You slash the rime drake!
The rime drake is heavily wounded.
The rime drake barely misses you.
You riposte.
You are near starving!
You completely miss the rime drake.
The rime drake is heavily wounded.
The blink frog blinks!
You slice the rime drake!!
You kill the rime drake!
Cheibriados appreciates the change of pace.
As you read the scroll of fog, it crumbles to dust.
The scroll dissolves into smoke.
The blink frog hits you but does no damage.
The blink frog hits you!
You die...

... #............P# ##?.
.#..PwP.#.†.P# ####?..
#.....†....PP#
##P.P...#####.$....##....#
.......†#§♣§##§§..?........
...... ♣§§§§§..§.†.........
.......#♣§♣§♣#........$....
§§§§F§§§§............
P§##§@§##P..#.P....... #.
##+##...#...... #
##...##... ..## #.. ... ..
.##.


You could see a blink frog.

Vanquished Creatures
  A minotaur (Lab)
  A fire dragon (Lair:6)
  3 centaur warriors
  A two-headed ogre (D:10)
  6 death yaks
  A deep elf knight (D:13)
  An unseen horror (D:10)
  A wolf spider zombie (D:12)
  A deep elf mage (D:13)
  3 ugly things
  2 manticores
  Maurice (D:9)
  11 elephants
  A centaur zombie (D:12)
  2 centaur skeletons
  Psyche (D:9)
  15 komodo dragons
  7 spiny frogs
  A rime drake (Lair:6)
  A troll (D:13)
  A tengu conjurer (D:13)
  A merfolk (D:11)
  A tyrant leech (Lair:6)
  4 polar bears
  A hornet (D:12)
  A minotaur skeleton (Lab)
  4 dream sheep (Lair:6)
  9 hippogriffs
  2 shadows (D:12)
  A wraith (D:12)
  56 yaks
  A golden eye (shapeshifter) (D:13)
  2 basilisks
  3 wyverns
  A hungry ghost (D:9)
  3 fire bats (Lair:2)
  3 steam dragons (Lair:6)
  A warg (D:9)
  The ghost of teukkam the Insei, an amateur GnWn (D:3)
  A soldier ant (D:12)
  2 nagas (Lair:3)
  2 acid dragons (Lair:6)
  4 water moccasins
  14 porcupines
  A hornet zombie (D:5)
  8 orc warriors
  5 sky beasts
  A swamp drake (Lair:6)
  An eye of draining (D:12)
  5 ogres
  4 necrophages
  A phantom (D:7)
  A wolf (IceCv)
  5 centaurs
  15 crocodiles
  A big kobold (D:11)
  14 bullfrogs
  5 scorpions
  15 killer bees
  3 wights (D:13)
  A howler monkey (D:5)
  5 crimson imps
  8 orc wizards
  7 hounds
  5 jellies
  8 orc priests
  2 gnoll shamans
  4 hell rats (Lair:5)
  8 iguanas
  8 worker ants
  4 big kobold zombies (Ossuary)
  2 hound skeletons
  2 mummies (Ossuary)
  A worker ant zombie (D:6)
  14 gnolls
  11 adders
  A shadow imp (D:9)
  12 white imps (Lair:3)
  2 oozes
  7 adder zombies
  5 worms
  3 dart slugs
  7 leopard geckos
  56 orcs
  A ball python (D:5)
  6 giant cockroaches
  2 gnoll zombies (Ossuary)
  10 goblins
  14 hobgoblins
  23 jackals
  7 quokkas
  9 bats
  5 frilled lizards
  5 hobgoblin zombies (Ossuary)
  A jackal skeleton (D:5)
  6 kobolds
  A leopard gecko skeleton (D:5)
  4 orc zombies (Ossuary)
  10 rats
552 creatures vanquished.

Vanquished Creatures (collateral kills)
  A water moccasin (Lair:5)
1 creature vanquished.

Vanquished Creatures (others)
  A yak (D:13)
  A wolf (IceCv)
  A wyvern zombie (D:13)
  6 fungi
  23 plants
32 creatures vanquished.

Grand Total: 585 creatures vanquished

Notes
Turn   | Place    | Note
-------+----------+-------------------------------------------
     0 | D:1      | Gaball the Barachi Fighter began the quest for the Orb.
     0 | D:1      | Reached XP level 1. HP: 18/18 MP: 1/1
   113 | D:1      | Reached skill level 3 in Long Blades
   132 | D:1      | Reached XP level 2. HP: 19/24 MP: 2/2
   371 | D:1      | Reached skill level 4 in Long Blades
   427 | D:1      | Reached XP level 3. HP: 28/29 MP: 3/3
   908 | D:2      | Reached skill level 5 in Long Blades
   908 | D:2      | Reached XP level 4. HP: 25/36 MP: 4/4
  1377 | D:2      | Found a sparkling altar of Nemelex Xobeh.
  1487 | D:3      | Noticed teukkam's ghost (amateur GnWn)
  1680 | D:3      | Reached skill level 6 in Long Blades
  1700 | D:3      | Reached XP level 5. HP: 40/41 MP: 5/5
  1812 | D:3      | Killed teukkam's ghost
  1812 | D:3      | Reached skill level 7 in Long Blades
  1812 | D:3      | Reached XP level 6. HP: 39/47 MP: 6/6
  2543 | D:4      | Reached skill level 8 in Long Blades
  2907 | D:4      | Found a sand-covered staircase.
  2913 | Ossuary  | Entered an ossuary
  2941 | Ossuary  | Reached XP level 7. HP: 52/52 MP: 7/7
  3031 | Ossuary  | Reached skill level 9 in Long Blades
  3692 | D:4      | Found a staircase to the Ecumenical Temple.
  4254 | D:5      | Entered Level 5 of the Dungeon
  4484 | D:5      | Reached skill level 10 in Long Blades
  4484 | D:5      | Reached XP level 8. HP: 27/59 MP: 8/8
  4851 | D:5      | Reached skill level 5 in Shields
  6102 | D:6      | Noticed Prince Ribbit
  6178 | D:7      | Reached skill level 11 in Long Blades
  6448 | D:7      | Reached XP level 9. HP: 51/64 MP: 9/9
  6915 | D:7      | Found Jutsinte's Magic Scroll Boutique.
  6920 | D:7      | Bought a scroll of teleportation for 30 gold pieces
  6920 | D:7      | Bought a scroll of identify for 20 gold pieces
  6920 | D:7      | Bought a scroll of remove curse for 30 gold pieces
  6920 | D:7      | Bought a scroll of enchant armour for 75 gold pieces
  6920 | D:7      | Bought a scroll of enchant weapon for 75 gold pieces
  7096 | D:8      | Noticed a two-headed ogre
  8439 | D:7      | Reached skill level 12 in Long Blades
  8655 | Temple   | Entered the Ecumenical Temple
  8661 | Temple   | Became a worshipper of Cheibriados the Contemplative
  8836 | D:8      | Reached skill level 5 in Fighting
  9472 | D:9      | Noticed Psyche
  9558 | D:9      | Reached XP level 10. HP: 71/77 MP: 10/10
  9588 | D:9      | Reached * piety under Cheibriados
  9604 | D:9      | Killed Psyche
  9763 | D:9      | You fall through a shaft for 3 floors!
  9842 | D:12     | Reached skill level 10 in Fighting
  9884 | D:12     | Noticed a manticore
  9904 | D:12     | Killed a manticore
  9922 | D:12     | Reached ** piety under Cheibriados
 10536 | D:11     | Reached XP level 11. HP: 70/95 MP: 11/11
 10773 | D:11     | Noticed a white ugly thing
 10774 | D:11     | Noticed a red ugly thing
 10774 | D:11     | Noticed a brown ugly thing
 11127 | D:12     | Paralysed by a hornet for 2 turns
 11288 | D:12     | Learned a level 4 spell: Summon Ice Beast
 11326 | D:12     | Reached skill level 1 in Summonings
 11326 | D:12     | Reached skill level 1 in Ice Magic
 11510 | D:11     | Found a staircase to the Lair.
 11521 | Lair:1   | Entered Level 1 of the Lair of Beasts
 11537 | Lair:1   | Reached skill level 1 in Spellcasting
 12067 | Lair:1   | Reached *** piety under Cheibriados
 12557 | D:10     | Entered Level 10 of the Dungeon
 12695 | D:10     | Noticed a centaur warrior
 12785 | D:11     | Noticed a two-headed ogre
 12817 | D:10     | Killed a centaur warrior
 12817 | D:10     | Reached skill level 1 in Invocations
 12825 | D:10     | Killed an unseen horror
 13179 | D:9      | Reached **** piety under Cheibriados
 13182 | D:9      | Found a staircase to the Orcish Mines.
 13430 | D:9      | Noticed a red ugly thing
 13453 | D:9      | Killed a red ugly thing
 13630 | D:9      | Got a colourful robe
 13647 | D:9      | Identified the cursed +0 robe of the Pits of Slime {Int+2} (You found it on level 9 of the Dungeon)
 13773 | D:9      | Got a sparkling bone amulet
 13847 | D:9      | Noticed a two-headed ogre
 14208 | D:10     | Noticed a two-headed ogre
 14218 | D:10     | Killed a two-headed ogre
 14218 | D:10     | Reached XP level 12. HP: 107/107 MP: 17/17
 14814 | D:9      | Noticed Maurice
 14848 | D:9      | Killed Maurice
 15444 | D:11     | Reached skill level 5 in Ice Magic
 15699 | D:11     | Identified the amulet "Iggisit" {Spirit rF- Dex+5} (You found it on level 9 of the Dungeon)
 15839 | D:12     | Reached skill level 5 in Summonings
 16083 | D:13     | Noticed a centaur warrior
 16096 | D:13     | Killed a centaur warrior
 16229 | D:13     | Noticed a centaur warrior
 16237 | D:13     | Killed a centaur warrior
 16271 | D:13     | Noticed a deep elf knight
 16279 | D:13     | Killed a deep elf knight
 16279 | D:13     | Reached skill level 13 in Long Blades
 16498 | Orc:1    | Entered Level 1 of the Orcish Mines
 16498 | Orc:1    | Noticed a two-headed ogre
 17172 | Lair:1   | Reached skill level 5 in Invocations
 17555 | Lair:2   | Noticed Gastronok
 17650 | Lair:2   | Reached ***** piety under Cheibriados
 17650 | Lair:2   | Gained mutation: You can hop long distances. [Barachi growth]
 17650 | Lair:2   | Reached XP level 13. HP: 99/114 MP: 16/19
 18034 | Lair:2   | Reached skill level 15 in Fighting
 18176 | Lair:3   | Found a frozen archway.
 18206 | IceCv    | Entered an ice cave
 18213 | IceCv    | Reached skill level 14 in Long Blades
 18241 | IceCv    | HP: 5/115 [something (27)]
 18696 | Lair:3   | HP: 5/115 [komodo dragon (13)]
 18700 | Lair:3   | HP: 1/115 [porcupine (6)]
 19358 | Lair:3   | Found a staircase to the Snake Pit.
 19700 | Lair:4   | Found a labyrinth entrance.
 19977 | Lab      | Entered a labyrinth
 20581 | Lab      | Noticed a minotaur
 20586 | Lab      | Killed a minotaur
 20586 | Lab      | Reached skill level 15 in Long Blades
 20589 | Lab      | Got a warped chain mail
 20595 | Lab      | Got a pitted chain mail
 20608 | Lab      | Identified the cursed +0 chain mail of Absolutism {Int+5 Stlth+} (You took it off a minotaur in a labyrinth)
 20619 | Lab      | Identified the +2 chain mail "Nukieg" {Str+4 Int+2 Slay+2} (You found it in a labyrinth)
 21094 | Lair:4   | Found a staircase to the Shoals.
 21397 | Lair:5   | Reached skill level 5 in Armour
 21445 | Lair:4   | HP: 5/116 [death yak (5)]
 22333 | Lair:4   | Reached skill level 5 in Spellcasting
 22333 | Lair:4   | Reached XP level 14. HP: 48/123 MP: 7/21
 22817 | Lair:6   | Entered Level 6 of the Lair of Beasts
 23133 | Lair:6   | Reached skill level 16 in Long Blades
 23185 | Lair:6   | HP: 6/123 [tyrant leech (7)]
 23190 | Lair:6   | HP: 2/123 [blink frog (4)]
 23198 | Lair:6   | Slain by a blink frog

Vault maps used:
D:1:      dpeg_arrival_three_smaller_balls
D:2:      nemelex_dance_club_becter
D:3:      corner_web_ring
D:4:      minmay_temple_entry_statues_fountains, first_ration,
          nicolae_ossuary_entry_plus
D:5:      grunt_ministairs_12, kennysheep_generic_room_6
D:6:      fedhas_altar_1, uniq_prince_ribbit1
D:7:      serial_shops, shop
D:9:      david_orc_1_choice, uniq_psyche, uniq_maurice
D:11:     cheibrodos_orc_bank, lair_entry_dummy, hangedman_fish_farm,
          minivault_22, minmay_strange_pillars
D:13:     minmay_pinched_square
Temple:   compressed_dpeg_circular_temple
Lair:2:   nicolae_volcano_entry_batcave, serial_bayou_shore_a, uniq_gastronok
Lair:3:   guppyfry_snake_entry_garden, portal_ice_cave_entry_imps,
          beast_lair_carwin_10, infiniplex_staircase_pool_2, lemuel_fruit_fields
Lair:4:   minmay_shoals_entry_beasts, lab_entry_generic,
          eino_small_chamber_without_monster
Lair:5:   beast_lair_carwin_8, infiniplex_staircase_pool
Lair:6:   wormcave, guppyfry_lair_end_dragon, minmay_slime_entry_oklob_enclosed,
          grunt_megastairs_3
Orc:1:    sword_in_stone
Lab:      labyrinth_green, nicolae_lab_plus, labyrinth_skeletal_remains,
          nicolae_lab_hexagon, nicolae_lab_blocks, nicolae_lab_quarters
Ossuary:  ossuary_tomb_2
IceCv:    ice_cave_caverns_03

Skill      XL: |  1  2  3  4  5  6  7  8  9 10 11 12 13 14 |
---------------+-------------------------------------------+-----
Long Blades    | 3 4 5 6 7 8 10 11 12 13 15 16 | 16.1
Shields        | 4 7 9 |  9.9
Fighting       | 6 12 14 15 | 15.4
Summonings     | 4 5 |  5.1
Ice Magic      | 4 5 |  5.1
Spellcasting   | 3 4 5 6 |  6.7
Invocations    | 2 5 6 |  6.4
Armour         | 6 8 |  8.6

Action                   |  1- 3 |  4- 6 |  7- 9 | 10-12 | 13-15 || total
-------------------------+-------+-------+-------+-------+-------++-------
Melee: Long sword        |   100 |   199 |   626 |   720 |       ||  1645
       Great sword       |       |       |       |   130 |   389 ||   519
       Scimitar          |       |       |       |    11 |       ||    11
Throw: Tomahawk          |       |       |    15 |    10 |       ||    25
       Throwing net      |       |       |       |     1 |       ||     1
 Cast: Summon Ice Beast  |       |       |       |       |     6 ||     6
Invok: Slouch            |       |       |       |     3 |     9 ||    12
       Bend Time         |       |       |       |     1 |       ||     1
 Abil: Hop               |       |     1 |     7 |     9 |     5 ||    22
Evoke: Wand              |       |       |     5 |       |     3 ||     8
  Use: Potion            |       |       |     5 |    15 |     7 ||    27
       Scroll            |       |       |     9 |    19 |     7 ||    35
  Eat: Chunk             |       |     8 |    16 |    18 |     6 ||    48
       Ration            |       |       |     2 |       |     2 ||     4
Armor: Scale mail        |    39 |    63 |    43 |       |       ||   145
       Chain mail        |       |       |   155 |   143 |    98 ||   396
       Plate armour      |       |       |       |   241 |   151 ||   392
       Skin              |       |       |       |    10 |       ||    10
Dodge: Dodged            |    34 |    54 |   113 |   246 |   244 ||   691
Block: Shield            |    47 |    93 |   276 |   476 |       ||   892
       Rpst.: Long sword |     8 |    16 |    32 |    44 |       ||   100
       Great sword       |       |       |       |    21 |    72 ||    93

Table legend:
 A = Spawn XP
 B = Non-spawn XP
 C = Spawn XP percentage of total XP
 D = Spawn monster count
 E = Non-spawn monster count
 F = Spawn count percentage of total count
 G = Total turns spent on level
                    A         B        C        D         E        F      G
               +---------+---------+-------+---------+---------+-------+---------
         Total |       0 |   69007 |   0.0 |       0 |     553 |   0.0 | 23198
               +---------+---------+-------+---------+---------+-------+---------
           D:1 |       0 |      40 |   0.0 |       0 |      23 |   0.0 |   672
           D:2 |       0 |      88 |   0.0 |       0 |      26 |   0.0 |   907
           D:3 |       0 |     269 |   0.0 |       0 |      29 |   0.0 |  1118
           D:4 |       0 |     447 |   0.0 |       0 |      18 |   0.0 |  1143
           D:5 |       0 |     738 |   0.0 |       0 |      28 |   0.0 |  1404
           D:6 |       0 |     280 |   0.0 |       0 |      15 |   0.0 |   563
           D:7 |       0 |    1125 |   0.0 |       0 |      18 |   0.0 |  1293
           D:8 |       0 |    1291 |   0.0 |       0 |      29 |   0.0 |  2349
           D:9 |       0 |    2998 |   0.0 |       0 |      31 |   0.0 |  1572
          D:10 |       0 |    4378 |   0.0 |       0 |      33 |   0.0 |  1100
          D:11 |       0 |    1903 |   0.0 |       0 |      31 |   0.0 |  1001
          D:12 |       0 |    7450 |   0.0 |       0 |      56 |   0.0 |  1629
          D:13 |       0 |    5977 |   0.0 |       0 |      24 |   0.0 |   294
        Lair:1 |       0 |    4106 |   0.0 |       0 |      19 |   0.0 |  1784
        Lair:2 |       0 |    2737 |   0.0 |       0 |      14 |   0.0 |   802
        Lair:3 |       0 |    5397 |   0.0 |       0 |      40 |   0.0 |  1184
        Lair:4 |       0 |   10641 |   0.0 |       0 |      32 |   0.0 |  1708
        Lair:5 |       0 |    6176 |   0.0 |       0 |      23 |   0.0 |   736
        Lair:6 |       0 |   10507 |   0.0 |       0 |      35 |   0.0 |   344
           Lab |       0 |    1585 |   0.0 |       0 |       3 |   0.0 |   665
       Ossuary |       0 |     182 |   0.0 |       0 |      23 |   0.0 |   530
         IceCv |       0 |     692 |   0.0 |       0 |       3 |   0.0 |   385
               +---------+---------+-------+---------+---------+-------+---------
